AoeStats
← [TUC] P E L U S A

Arena

509377728Analyzed
3v3 RM · 6d ago on Sep 26, 2026· 52m 16s· 6 players
Game mode
Random Map
Map size
Normal (6 player)
Population
200
Speed
Normal
Resources
Standard
Victory
Conquest
Starting age
Dark Age
Ending age
Imperial Age
RankedLock teamsTeams togetherTeam positionsShared explorationLock speedFull tech treeHidden civsTurbo modeCheats
Victory
Defeat
🇪🇸 Varangians · Spain
1340
+14
🇨🇳 Cumans · China
1257
+17
🇩🇰 Persians · Denmark
1252
+18
🇭🇰 Danes · Hong Kong SAR China
1324
-18
🇨🇳 Bohemians · China
1289
-16
🇭🇰 Varangians · Hong Kong SAR China
1265
-15
3HK
10:48 Feudal Age
11:24 Double-Bit Axe
11:02 Man-at-Arms
12:46 Horse Collar
16:19 Castle Age
17:11 Bow Saw
16:31 Long Swordsman
17:33 Squires
17:20 Arson
23:10 Wheelbarrow
23:00 Loom
23:00 Town Watch
23:27 Heavy Plow
25:09 Fervor
28:40 Imperial Age
26:15 Scale Mail Armor
26:11 Pikeman
27:03 Forging
28:07 Chain Mail Armor
28:27 Iron Casting
28:51 Hand Cart
28:47 Halberdier
30:02 Plate Mail Armor
30:42 Onager
33:21 Blast Furnace
33:20 Siege Onager
34:01 Stone Mining
34:01 Gold Mining
34:47 Siege Engineers
34:50 Hamask
36:22 Northmen's Fury
40:58 Coinage
42:01 Conscription
44:21 Masonry
45:12 Chemistry
46:06 Capped Ram
47:12 Ballistics
47:33 Siege Ram
49:50 Fletching
Theodore
10:46 Feudal Age
14:35 Castle Age
13:12 Double-Bit Axe
13:23 Horse Collar
16:13 Loom
24:21 Town Watch
25:11 Wheelbarrow
26:01 Bow Saw
26:50 Heavy Plow
27:43 Gold Mining
28:11 Stone Mining
31:39 Imperial Age
30:16 Scale Mail Armor
30:26 Forging
31:18 Squires
32:59 Chain Mail Armor
33:20 Iron Casting
32:50 Fletching
34:34 Hand Cart
34:34 Siege Engineers
37:16 Plate Mail Armor
37:21 Iron Casting
37:20 Scale Barding Armor
38:18 Iron Casting
37:49 Gold Mining
38:37 Chain Barding Armor
41:00 Blast Furnace
42:24 Plate Barding Armor
41:56 Fletching
42:47 Elite Jarl
44:13 Bloodlines
44:03 Husbandry
44:37 Conscription
44:17 Bodkin Arrow
46:03 Gothikon
46:45 Bracer
47:18 Plate Mail Armor
46:44 Arson
47:31 Elite Varangian Guard
49:58 Bracer
A先生
10:14 Feudal Age
14:36 Castle Age
12:48 Horse Collar
13:16 Double-Bit Axe
15:40 Bow Saw
21:03 Wheelbarrow
22:25 Heavy Plow
23:30 Loom
25:33 Fletching
25:45 Padded Archer Armor
29:02 Bodkin Arrow
35:22 Bodkin Arrow
36:54 Leather Archer Armor
40:14 Imperial Age
37:55 Scale Mail Armor
38:06 Forging
39:26 Hand Cart
39:34 Wagenburg Tactics
41:09 Bracer
42:23 Chemistry
41:44 Ballistics
42:48 Elite Hussite Wagon
43:40 Light Cavalry
44:58 Iron Casting
44:32 Scale Barding Armor
45:50 Two-Man Saw
47:51 Blast Furnace
47:19 Chain Barding Armor
48:50 Conscription
Dasilva
11:17 Feudal Age
14:49 Castle Age
12:44 Double-Bit Axe
12:49 Horse Collar
17:53 Bow Saw
18:24 Loom
18:49 Squires
19:49 Scale Mail Armor
21:05 Wheelbarrow
20:37 Arson
21:02 Fletching
21:26 Forging
22:35 Chain Mail Armor
25:35 Town Watch
26:06 Hand Cart
28:21 Town Patrol
28:24 Heavy Plow
29:01 Iron Casting
29:43 Gold Mining
29:44 Stone Mining
29:47 Gambesons
32:33 Stone Shaft Mining
38:02 Imperial Age
36:44 Fletching
39:43 Conscription
40:20 Plate Mail Armor
40:15 Onager
41:13 Bodkin Arrow
43:21 Blast Furnace
43:19 Elite Varangian Guard
44:27 Masonry
45:03 Ballistics
44:48 Pikeman
45:17 Halberdier
45:17 Man-at-Arms
45:17 Halberdier
46:40 Siege Engineers
48:33 Bracer
48:34 Padded Archer Armor
50:37 Murder Holes
51:42 Chemistry
52:11 Long Swordsman
[TUC] P E L U S A
0:43 Loom
1:38 Loom
2:29 Loom
9:14 Feudal Age
9:41 Double-Bit Axe
16:54 Castle Age
15:51 Stone Mining
16:04 Town Watch
17:35 Bow Saw
18:24 Wheelbarrow
22:42 Scale Barding Armor
22:48 Forging
25:11 Husbandry
27:40 Horse Collar
27:57 Gold Mining
31:52 Kamandaran
35:46 Imperial Age
35:03 Hand Cart
35:19 Fletching
36:03 Bodkin Arrow
35:37 Crossbowman
37:00 Bloodlines
37:48 Conscription
38:57 Two-Man Saw
38:50 Thumb Ring
39:28 Light Cavalry
41:21 Heavy Plow
43:09 Parthian Tactics
43:23 Padded Archer Armor
43:44 Chain Barding Armor
43:07 Cavalier
43:57 Hussar
46:01 Savar
cuilao8123
8:25 Loom
10:13 Feudal Age
10:49 Double-Bit Axe
10:50 Horse Collar
15:04 Wheelbarrow
18:52 Castle Age
17:27 Stone Mining
19:07 Gold Mining
19:50 Hand Cart
19:49 Bow Saw
19:44 Heavy Plow
21:22 Gold Shaft Mining
20:49 Fletching
25:10 Bodkin Arrow
31:48 Imperial Age
29:18 Loom
29:20 Town Watch
30:22 Ballistics
30:13 Masonry
30:14 Padded Archer Armor
30:25 Forging
30:21 Scale Barding Armor
32:02 Leather Archer Armor
32:23 Iron Casting
32:10 Steppe Husbandry
32:51 Chain Barding Armor
33:58 Chemistry
33:20 Conscription
33:28 Bloodlines
32:41 Light Cavalry
34:00 Ring Archer Armor
34:09 Plate Barding Armor
33:51 Guilds
34:02 Cuman Mercenaries
33:23 Elite Kipchak
35:44 Hussar
37:15 Parthian Tactics
37:12 Thumb Ring
39:13 Blast Furnace
46:12 Caravan
46:55 Cavalier
48:00 Paladin
Connection lost

Rejoining the realm…

Still unreachable

The connection could not be restored.

Session expired

The server has moved on; the page needs a fresh start.